 Dungeon Crawl Stone Soup version 0.31-a0-986-g5e6e4ef867 (webtiles) character file.

Game seed: 5329303669694626748

1845 Demosthentine the Trooper (level 8, -12/91 (96) HPs)
             Began as a Demonspawn Gladiator on Nov 15, 2023.
             Was an Initiate of Hepliaklqana.
             Killed from afar by an orc sorcerer (25 damage)
             ... with a bolt of negative energy
             ... in a bailey.
             The game lasted 00:08:32 (5918 turns).

Demosthentine the Trooper (Demonspawn Gladiator)    Turns: 5918, Time: 00:08:33

HP:   -12/91 (96)   AC: 24    Str: 22    XL:     8   Next: 88%
MP:   8/8           EV:  2    Int:  9    God:    Hepliaklqana [......]
Gold: 85            SH:  0    Dex: 16    Spells: 7/7 levels left

rFire   . . .        p - +0 trident
rCold   . . .        (no shield)
rNeg    . . .        b - melded +0 leather armour
rPois   +            c - melded +1 helmet
rElec   .            i - melded scarf of Hospitality {rC+ rF+, rPois rN+}
rCorr   .            j - melded +1 pair of gloves
SInv    .            q - melded +0 pair of boots
Will    +....        (no amulet)
Stlth   +            C - +6 ring of strength
HPRegen 0.35/turn    E - ring of willpower
MPRegen 0.11/turn

%: no passive effects
@: tree-form (expiring), spiked, hasted, lightly drained, very quick
A: stationary, stasis, torment immunity, boosted hp, (large bone plates 2),
(spiny 1), demonic magic 1
a: Renounce Religion


You were in a bailey.
You worshipped Hepliaklqana.
Hepliaklqana was noncommittal.
You were a tree.
You visited 2 branches of the dungeon, and saw 8 of its levels.
You also visited: Sewer and Bailey.

You collected 336 gold pieces.
You spent 251 gold pieces at shops.

Inventory:

Hand Weapons
 p - a +0 trident (weapon)
Missiles
 d - a throwing net (quivered)
 e - a javelin
Armour
 b - a +0 leather armour (melded)
 c - a +1 helmet (melded)
 i - the scarf of Hospitality (melded) {rC+ rF+, rPois rN+}
   (You acquired it on level 1 of the Dungeon)

   rPois:     It protects you from poison rN+: It protects you from negative
   energy.
 j - a +1 pair of gloves (melded)
 q - a +0 pair of boots (melded)
Jewellery
 B - a ring of poison resistance
 C - a +6 ring of strength (left branch)
 E - a ring of willpower (right branch)
Wands
 r - a wand of flame (24)
 s - a wand of mindburst (9)
 D - a wand of paralysis (2)
Scrolls
 a - a scroll of enchant armour
 h - a scroll of poison
 n - a scroll of teleportation
 v - a scroll of fog
 y - a scroll of blinking
Potions
 f - a potion of mutation
 g - a potion of attraction
 k - a potion of ambrosia
 m - 2 potions of degeneration {unknown}
 o - 4 potions of curing
 t - a potion of berserk rage
 u - a potion of enlightenment
 w - a potion of haste
 x - a potion of magic
 A - a potion of heal wounds


   Skills:
 + Level 6.0 Fighting
 + Level 5.9 Polearms
 - Level 1.7 Throwing
 + Level 5.0 Armour
 + Level 5.9 Dodging


You had 7 spell levels left.
You didn't know any spells.
Your spell library contained the following spells:

 Spells                   Type           Power      Damage    Failure   Level
 Kiss of Death            Conj/Necr      0%         2d5       38%         1
 Necrotise                Necr           0%         1d4       38%         1
 Sting                    Tmut/Pois      0%         1d3       38%         1
 Passwall                 Tmut/Erth      0%         N/A       52%         2
 Poisonous Vapours        Pois/Air       0%         N/A       52%         2
 Gell's Gravitas          Tloc           0%         N/A       77%         3
 Inner Flame              Hex/Fire       0%         N/A       77%         3
 Ozocubu's Armour         Ice            0%         N/A       77%         3
 Teleport Other           Tloc           0%         N/A       77%         3
 Animate Armour           Summ/Erth      0%         N/A       99%         4
 Olgreb's Toxic Radiance  Pois           0%         N/A       99%         4
 Borgnjor's Vile Clutch   Necr/Erth      0%         N/A       100%        5
 Dispersal                Tloc           0%         N/A       100%        6
 Ozocubu's Refrigeration  Ice            0%         4d7       100%        7


Dungeon Overview and Level Annotations

Branches:
Dungeon (7/15)             Temple (1/1) D:6           Sewer (visited)
 Bailey (1/1)

Altars:
Ashenzari
Dithmenos
Fedhas
Gozag
Hepliaklqana
Kikubaaqudgha
Makhleb
Okawaru
Qazlal
Ru
Sif Muna
Trog
Uskayaw
Vehumet
Wu Jian
Xom
Yredelemnul

Shops:
D:3 *   D:5 (   D:6 *:


Innate Abilities, Weirdness & Mutations

You are a tree.
Your roots penetrate the ground, keeping you stationary.
You cannot be teleported.
You are immune to unholy pain and torment.
Your maximum health is greatly increased.
Your equipment is partially melded.
((You are mostly covered in large bone plates. (SH +6)))
((You are partially covered in sharp spines.))
Spells you cast may paralyse adjacent enemies.


Message History

* * * LOW HITPOINT WARNING * * *
Unknown command.
It was a potion of heal wounds.
You feel much better.
You closely miss the orc sorcerer.
The orc sorcerer is moderately wounded.
The orc sorcerer casts a spell.
The orc warrior hits you but does no damage.
Unknown command.
You hit the orc sorcerer but do no damage.
The orc sorcerer is moderately wounded.
The orc sorcerer hits you with a +0 war axe!
* * * LOW HITPOINT WARNING * * *
The orc warrior hits you but does no damage.
You hit the orc sorcerer but do no damage.
The orc sorcerer is moderately wounded.
The red devil hits you from afar with a +0 trident!
* * * LOW HITPOINT WARNING * * *
Barbed spikes become lodged in your body.
Unknown command.
You hit the orc sorcerer but do no damage.
The orc sorcerer is moderately wounded.
The orc sorcerer hits you but does no damage.
The orc warrior hits you but does no damage.
The red devil hits you but does no damage.
Unknown command.
You hit the orc sorcerer but do no damage.
The orc sorcerer is moderately wounded.
The orc sorcerer hits you with a +0 war axe.
* * * LOW HITPOINT WARNING * * *
The orc warrior hits you but does no damage.
Unknown command.
You hit the orc sorcerer but do no damage.
The orc sorcerer is moderately wounded.
The red devil hits you but does no damage.
Unknown command.
You hit the orc sorcerer.
The orc sorcerer is heavily wounded.
The orc sorcerer points at you and mumbles some strange words.
The bolt of negative energy hits you!!
You feel drained.
You die...

#..#
#.8#
#).#
##)#
#..#
#..#
#.4#
#..#
#♣o#
'#o##


.oo ..3.# ###..# +... #### You could see a ynoxinul (summoned), an orc sorcerer,
a red devil (summoned) and 3 orc warriors.

Vanquished Creatures
  Sigmund (D:3)
  A shadow (D:6)
  4 orc warriors
  A sky beast (D:6)
  An ogre (D:7)
  A phantom (D:5)
  2 bullfrogs
  A scorpion (D:6)
  A hound (D:4)
  A gnoll bouda (D:5)
  An orc priest (D:4)
  2 jellies (D:7)
  Ijyb (D:3)
  Natasha (thrice) (D:2)
  An iguana (D:4)
  2 sleepcaps
  3 orc wizards
  8 gnolls
  11 adders
  A white imp (D:7)
  2 worms
  A dart slug (D:1)
  7 orcs
  2 bats (D:2)
  11 endoplasms
  15 giant cockroaches
  18 goblins
  15 hobgoblins
  3 jackals (D:4)
  12 quokkas
  10 ball pythons
  14 frilled lizards
  9 kobolds
  8 rats
174 creatures vanquished.

Notes
Turn   | Place    | Note
-------+----------+-------------------------------------------
     0 | D:1      | Demosthentine the Demonspawn Gladiator began the quest for
                  | the Orb.
     0 | D:1      | Reached XP level 1. HP: 16/16 MP: 1/1
    68 | D:1      | Got the Almanac of Flinty Conflagration
   146 | D:1      | Gained mutation: Spells you cast may paralyse adjacent
                  | enemies. [demonic ancestry]
   146 | D:1      | Reached XP level 2. HP: 20/22 MP: 2/2
   479 | D:1      | Reached skill level 1 in Armour
   704 | D:1      | Gained mutation: You are partially covered in sharp spines.
                  | [demonic ancestry]
   704 | D:1      | Reached XP level 3. HP: 28/28 MP: 3/3
   773 | D:1      | Identified a scroll of acquirement
   773 | D:1      | Acquired the scarf of Hospitality {rC+ rF+, rPois rN+}
  1041 | D:2      | Noticed Natasha
  1050 | D:2      | Killed Natasha
  1159 | D:2      | Reached XP level 4. HP: 16/34 MP: 4/4
  1303 | D:2      | Reached skill level 3 in Fighting
  1378 | D:2      | Noticed Natasha
  1383 | D:2      | Killed Natasha
  1586 | D:2      | Reached XP level 5. HP: 41/41 MP: 5/5
  1634 | D:2      | Found a burning altar of Makhleb.
  1653 | D:2      | Found a faded altar of an unknown god.
  1660 | D:2      | Noticed Natasha
  1669 | D:2      | Killed Natasha
  1913 | D:3      | Found Midatump's General Store.
  1922 | D:3      | Bought a potion of curing for 39 gold pieces
  1922 | D:3      | Bought a scroll of identify for 26 gold pieces
  1990 | D:3      | Noticed Sigmund
  2037 | D:3      | Noticed Ijyb
  2069 | D:3      | Killed Ijyb
  2089 | D:3      | Found a glowing drain.
  2108 | Sewer    | Entered a sewer
  2277 | Sewer    | Gained mutation: You are partially covered in large bone
                  | plates. (SH +4) [demonic ancestry]
  2277 | Sewer    | Reached XP level 6. HP: 47/47 MP: 6/6
  2720 | D:3      | Killed Sigmund
  2721 | D:3      | Reached skill level 4 in Fighting
  2721 | D:3      | Gained mutation: You are mostly covered in large bone
                  | plates. (SH +6) [demonic ancestry]
  2721 | D:3      | Reached XP level 7. HP: 44/54 MP: 7/7
  3120 | D:4      | Found a faded altar of an unknown god.
  3691 | D:5      | Entered Level 5 of the Dungeon
  3757 | D:5      | Found Zusaoj's Hydra Hut.
  3759 | D:5      | Noticed an eight-headed hydra
  4373 | D:6      | Identified the "Wyrutali"
  4373 | D:6      | Identified the "Ledo Ful"
  4373 | D:6      | Found Litu's General Store.
  4393 | D:6      | Reached skill level 5 in Polearms
  4393 | D:6      | Reached skill level 5 in Dodging
  4393 | D:6      | Reached XP level 8. HP: 44/61 MP: 8/8
  4453 | D:6      | Bought a potion of berserk rage for 60 gold pieces
  4453 | D:6      | Bought a potion of lignification for 36 gold pieces
  4453 | D:6      | Bought a scroll of blinking for 90 gold pieces
  4474 | D:6      | Reached skill level 5 in Fighting
  4643 | D:6      | Found a staircase to the Ecumenical Temple.
  4666 | Temple   | Entered the Ecumenical Temple
  4716 | D:6      | Found a shimmering blue altar of Sif Muna.
  4733 | D:6      | Found a bloodstained altar of Trog.
  4902 | D:6      | Found an iron altar of Okawaru.
  5150 | D:6      | Found Nextesu's Self-Published Books.
  5284 | D:6      | Found a hazy altar of Hepliaklqana.
  5326 | D:6      | Became a worshipper of Hepliaklqana the Forgotten
  5424 | D:7      | Found a stormy altar of Qazlal.
  5433 | D:7      | Found a blossoming altar of Fedhas.
  5504 | D:7      | Found a flagged portal.
  5526 | Bailey   | Entered a bailey
  5693 | Bailey   | Reached skill level 6 in Fighting
  5693 | Bailey   | Reached skill level 5 in Armour
  5873 | Bailey   | Noticed an orc sorcerer
  5879 | Bailey   | Noticed a soul eater
  5902 | Bailey   | Noticed a rust devil
  5913 | Bailey   | Noticed a red devil
  5918 | Bailey   | Killed from afar by an orc sorcerer

Illustrated notes

Levels and vault maps discovered:
D:1:      dpeg_arrival_morbid_curiosity, layout_basic,
          chequers_serial_rivers_room_b
D:2:      layout_basic, ebering_ecumenical_altar_mist, basic_altar, uniq_natasha
D:3:      layout_rooms, serial_shops, shop, portal_sewer_entry_d, uniq_ijyb,
          uniq_sigmund
D:4:      layout_cave_pools, serial_column_ruins, column_ruins_temple_hut,
          column_ruins_open_small_water, column_ruins_grid_1,
          column_ruins_grid_1, column_ruins_grid_3, column_ruins_open_tiny_water
D:5:      layout_loops_ring, doesnt_shop_hydraphobe
D:6:      layout_rooms, nzn_overflow_gifts_of_might_and_magic,
          lemuel_tele_altar, okawaru_gym_becter, mainiacjoe_overflow_brackets,
          minmay_temple_entry_tees, nicolae_stop_n_shop_1,
          nicolae_kite_square_tiling_tiny, nicolae_custom_books
D:7:      layout_basic, grunt_temple_overflow_forces_of_nature, enter_bailey_5,
          minmay_crystal_room, nicolae_concentric_dashed_squares_mild,
          minmay_fire_ice_demons, uniq_menkaure
Temple:   nicolae_temple_ecumenical_triangle
Bailey:   bailey_axe_of_yendor_kennysheep, bailey

Skill      XL: |  1  2  3  4  5  6  7  8 |
---------------+-------------------------+-----
Armour         | 1 2 3 4 5 |  5.0
Dodging        | 3 4 5 |  5.9
Polearms       | 3 4 5 |  5.9
Fighting       | 3 4 6 |  6.0
Throwing       | |  1.7

Action                     |  1- 3 |  4- 6 |  7- 9 || total
---------------------------+-------+-------+-------++-------
  Melee: Trident           |   111 |   211 |   314 ||   636
         Punch             |       |     2 |     3 ||     5
  Throw: Throwing net      |       |     8 |       ||     8
    Use: Scroll            |     5 |     2 |     6 ||    13
         Potion            |       |       |     3 ||     3
   Stab: Sleeping          |     1 |     3 |       ||     4
 Armour: Leather armour    |    49 |    89 |    99 ||   237
         Skin              |       |       |    78 ||    78
  Dodge: Dodged            |    41 |    78 |   106 ||   225
  Block: Other             |       |     9 |    63 ||    72

Table legend: (Time is in decaauts)
 A = Elapsed time spent in this place.
 B = Non-inter-level travel time spent in this place.
 C = Inter-level travel time spent in this place.
 D = Time resting spent in this place.
 E = Time spent auto-exploring this place.
 F = Levels seen in this place.
 G = Mean time per level.
                   A        B        C        D        E       F      G
               +--------+--------+--------+--------+--------+-----+--------+
         Total |   6060 |   5803 |    257 |    265 |   4107 |  10 |  606.0 |
       Dungeon |   5182 |   4925 |    257 |    100 |   3738 |   7 |  740.3 |
        Temple |      7 |      7 |      0 |      0 |      0 |   1 |    7.0 |
         Sewer |    479 |    479 |      0 |      0 |    255 |   1 |  479.0 |
        Bailey |    390 |    390 |      0 |    165 |    113 |   1 |  390.0 |
               +--------+--------+--------+--------+--------+-----+--------+

Top non-repeatable levels by time:
     D:2: 1067 daAuts
     D:6: 974 daAuts
     D:1: 913 daAuts
     D:4: 817 daAuts
     D:5: 685 daAuts
     D:3: 551 daAuts
   Sewer: 479 daAuts
  Bailey: 390 daAuts
     D:7: 174 daAuts
  Temple: 7 daAuts
